 Dungeon Crawl Stone Soup version 0.30-a0-743-gbfdf073431 (webtiles) character file.

Game seed: 5792510264764217819

1463652 Monkooky the Cryomancer (level 23, 211/211 HPs)
             Began as a White Draconian Artificer on Feb 7, 2023.
             Was an Initiate of Gozag.
             Escaped with the Orb
             ... and 3 runes on Feb 8, 2023!
             The game lasted 04:03:40 (77685 turns).

Monkooky the Cryomancer (DrAr)                     Turns: 77685, Time: 04:03:41

Health: 211/211    AC: 16    Str: 16    XL:     23   Next: 39%
Magic:  41/41      EV: 19    Int: 32    God:    Gozag
Gold:   2135       SH: 19    Dex: 17    Spells: 13/50 levels left

rFire   + + .      SeeInvis +    i - staff of cold
rCold   + + +      Faith    .    G - +5 kite shield {rC+}
rNeg    . . .      Spirit   .    (body armour unavailable)
rPois   +          Reflect  .    (helmet restricted)
rElec   .          Harm     .    R - +0 cloak "Hamnyveg" {rPois rF+ SInv}
rCorr   .          Rampage  .    U - +2 pair of gloves {hurl}
Will    ++...                    N - +0 pair of boots of Okawaru, Summoning {rPois Will+ Str-3}
Stlth   ++                       l - amulet "Bisseetu" {Acrobat rF+ Regen+ Str+5}
HPRegen 1.35/turn                C - +6 ring of intelligence
MPRegen 0.27/turn                M - +6 ring of intelligence

@: no status effects
A: breathe frost, AC +11, unfitting armour, cold resistance 1, cold-blooded,
stinger 1, agile 1
0: Orb of Zot
}: 3/15 runes: barnacled, slimy, gossamer
a: Breathe Frost, Renounce Religion, Potion Petition, Call Merchant, Bribe
Branch


You escaped.
You worshipped Gozag.
Gozag was most pleased with you.
You visited 11 branches of the dungeon, and saw 49 of its levels.
You visited 1 bazaar.
You also visited: Ice Cave.

You collected 22366 gold pieces.
You spent 3672 gold pieces at shops.
You paid 16559 gold pieces to Gozag.

Inventory:

Missiles
 O - a throwing net
 Q - 12 poisoned darts
 T - a curare-tipped dart
Armour
 G - a +5 kite shield of cold resistance (worn)
 N - the +0 pair of boots of Okawaru, Summoning (worn) {rPois Will+ Str-3}
   (You found it on level 4 of the Spider Nest)

   Str:       It affects your strength (-3).
   rPois:     It protects you from poison.
   Will:      It increases your willpower.
 R - the +0 cloak "Hamnyveg" (worn) {rPois rF+ SInv}
   (You found it on level 3 of the Depths)

   rF:        It protects you from fire.
   rPois:     It protects you from poison.
   SInv:      It lets you see invisible.
 U - a +2 pair of gloves of hurling (worn)
Magical Staves
 g - a staff of air
 i - a staff of cold (weapon)
Jewellery
 l - the amulet "Bisseetu" (around neck) {Acrobat rF+ Regen+ Str+5}
   (You found it on level 5 of the Pits of Slime)

   [amulet of the acrobat]

   It increases your evasion while moving and waiting.
   Str:       It affects your strength (+5).
   rF:        It protects you from fire.
   Regen:     It increases your rate of health regeneration.
 p - a ring of resist corrosion
 u - a ring of willpower
 v - the ring "Annug" {rPois rF++ Will+}
   (You found it on level 5 of the Pits of Slime)

   [ring of poison resistance]

   rF:        It greatly protects you from fire.
   rPois:     It protects you from poison.
   Will:      It increases your willpower.
 C - a +6 ring of intelligence (left hand)
 M - a +6 ring of intelligence (right hand)
Wands
 b - a wand of roots (36)
 c - a wand of charming (14)
 w - a wand of mindburst (20)
 L - a wand of light (9)
 X - a wand of paralysis (31)
Scrolls
 h - 23 scrolls of teleportation
 j - 10 scrolls of vulnerability
 s - a scroll of butterflies
 x - 12 scrolls of poison
 B - 7 scrolls of blinking
 E - 4 scrolls of fear
 K - 2 scrolls of immolation
 P - 8 scrolls of silence
 V - 8 scrolls of fog
 Z - 4 scrolls of amnesia
Potions
 e - 4 potions of flight
 f - 16 potions of curing
 k - 10 potions of ambrosia
 m - 8 potions of invisibility
 n - 9 potions of lignification
 o - 9 potions of attraction
 q - 6 potions of haste
 r - 4 potions of might
 t - 4 potions of mutation
 z - 6 potions of magic
 D - 5 potions of brilliance
 H - 4 potions of berserk rage
 I - a potion of resistance
 J - 6 potions of cancellation
 W - 3 potions of heal wounds
Miscellaneous
 a - a lightning rod (4/4)
 d - a box of beasts
 y - a condenser vane
 F - a phial of floods


   Skills:
 + Level 18.4 Fighting
 - Level 4.6 Staves
 - Level 5.6 Ranged Weapons
 + Level 13.6 Dodging
 + Level 12.8 Stealth
 + Level 16.4 Shields
 - Level 14.0 Spellcasting
 - Level 6.6 Conjurations
 - Level 3.8 Summonings
 - Level 8.2 Necromancy
 - Level 6.2 Translocations
 - Level 26.0 Ice Magic
 - Level 7.4 Air Magic
 - Level 10.2 Evocations


You had 13 spell levels left.
You knew the following spells:

 Your Spells              Type           Power      Damage    Failure   Level
a - Call Canine Familiar  Summ           47%        N/A       1%          3
b - Ozocubu's Armour      Ice            100%       N/A       0%          3
c - Ozocubu's Refrigerat  Ice            68%        4d22      1%          7
d - Frozen Ramparts       Ice            100%       1d16      0%          3
e - Polar Vortex          Ice            68%        N/A       8%          9
g - Freezing Cloud        Conj/Ice/Air   52%        6-21      1%          5
h - Apportation           Tloc           100%       N/A       1%          1
i - Passage of Golubria   Tloc           58%        N/A       2%          4
j - Sublimation of Blood  Necr           66%        N/A       1%          2

Your spell library contained the following spells:

 Spells                   Type           Power      Damage    Failure   Level
 Freeze                   Ice            100%       1d10      0%          1
 Hailstorm                Conj/Ice       100%       3d20      0%          3
 Necrotise                Necr           100%       1d9       1%          1
 Summon Small Mammal      Summ           100%       N/A       1%          1
 Call Imp                 Summ           47%        N/A       1%          2
 Ensorcelled Hibernation  Hex/Ice        100%       N/A       1%          2
 Lesser Beckoning         Tloc           100%       N/A       1%          2
 Gell's Gravitas          Tloc           58%        N/A       1%          3
 Teleport Other           Tloc           58%        N/A       1%          3
 Vampiric Draining        Necr           66%        2d10      1%          3
 Vhi's Electric Charge    Tloc/Air       100%       N/A       1%          3
 Dazzling Flash           Conj/Hex       86%        N/A       2%          3
 Portal Projectile        Hex/Tloc       84%        N/A       2%          3
 Stone Arrow              Conj/Erth      86%        3d12      2%          3
 Iskenderun's Mystic Bla  Conj/Tloc      59%        2d12      2%          4
 Sandblast                Erth           44%        2d11      3%          1
 Slow                     Hex            88%        N/A       3%          1
 Summon Lightning Spire   Summ/Air       56%        N/A       3%          4
 Agony                    Necr           66%        N/A       3%          5
 Passwall                 Tmut/Erth      18%        N/A       4%          2
 Summon Guardian Golem    Hex/Summ       34%        N/A       4%          3
 Arcjolt                  Conj/Air       30%        1d40      4%          5
 Anguish                  Hex/Necr       24%        N/A       6%          4
 Sticky Flame             Conj/Fire      43%        2d6       9%          4
 Confusing Touch          Hex            22%        N/A       10%         3
 Ignite Poison            Fire/Tmut/Pois 22%        N/A       10%         3
 Spider Form              Tmut/Pois      22%        N/A       10%         3
 Tukima's Dance           Hex            22%        N/A       10%         3
 Borgnjor's Vile Clutch   Necr/Erth      24%        N/A       17%         5
 Death Channel            Necr           33%        N/A       17%         6
 Silence                  Hex/Air        23%        N/A       19%         5
 Irradiate                Conj/Tmut      21%        3d18      24%         5
 Leda's Liquefaction      Hex/Erth       11%        N/A       32%         4
 Petrify                  Tmut/Erth      22%        N/A       32%         4
 Blade Hands              Tmut           11%        N/A       65%         5
 Yara's Violent Unravell  Hex/Tmut       11%        3d6       65%         5
 Starburst                Conj/Fire      21%        6d7       78%         6
 Orb of Destruction       Conj           30%        9d10      88%         7
 Spellforged Servitor     Conj/Summ      27%        N/A       97%         7
 Storm Form               Tmut/Air       23%        N/A       99%         7
 Dragon Form              Tmut           11%        N/A       100%        7
 Ignition                 Fire           11%        3d5       100%        8
 Lehudib's Crystal Spear  Conj/Erth      21%        10d6      100%        8
 Maxwell's Capacitive Co  Air            31%        ∞         100%        8
 Animate Dead             Necr           Unusable   N/A       N/A         4
 Simulacrum               Ice/Necr       Unusable   N/A       N/A         6
 Animate Armour           Summ/Erth      Unusable   N/A       N/A         4

Dungeon Overview and Level Annotations

Branches:
Dungeon (15/15)            Temple (1/1) D:7            Lair (5/5) D:11
 Shoals (4/4) Lair:2       Spider (4/4) Lair:2        Slime (5/5) Lair:5
    Orc (2/2) D:11            Elf (3/3) Orc:2        Vaults (1/5) D:13
 Depths (4/4) D:15            Zot (5/5) Depths:4      IceCv (visited)

Altars:
Ashenzari
Cheibriados
Dithmenos
Elyvilon
Fedhas
Gozag
Hepliaklqana
Kikubaaqudgha
Makhleb
Nemelex Xobeh
Okawaru
Qazlal
Ru
Sif Muna
Trog
Uskayaw
Vehumet
Wu Jian
Xom
Yredelemnul
Zin
The Shining One
Jiyva

Shops:
D:1 :   D:3 (   D:4 *(*   D:13 =   D:15 (   Orc:2 *:[(   Elf:3 :   Lair:3 ?
Depths:4 ?

Portals:
Hell: Depths:1 Depths:2 Depths:3 Depths:4
Abyss: Depths:3
Pandemonium: Depths:1 Depths:2 Depths:3
Ziggurat: Depths:3
Trove: Depths:2 (give 7 potions of haste)

Annotations:
D:6 exclusion: downstairs
D:7 exclusion: downstairs
D:12 exclusion: downstairs
Shoals:3 2 transporters, exclusion: orange crystal statue
Spider:1 2 transporters, hikkokomori's ghost, adept DEAE
Elf:2 5 runed translucent doors
Depths:1 1 runed translucent door, exclusion: 2 doors, Cujuar's ghost, adept DrCj


Innate Abilities, Weirdness & Mutations

You can breathe waves of freezing cold which knock back foes.
Your icy white scales are hard. (AC +11)
You cannot fit into any form of body armour.
Your flesh is cold resistant. (rC+)
You are cold-blooded and may be slowed by cold attacks.
Your tail ends in a venomous barb.
You are agile. (Dex +4, Str/Int -1)


Message History

There is a stone staircase leading down, spattered with blood here.
There is an escape hatch in the ceiling here.
A mysterious force pulls you upwards. The hatch slams shut behind you.
Level annotation: exclusion: downstairs
There is a stone staircase leading up here.
You climb upwards.
There is a stone staircase leading down here.
There is a stone staircase leading up here.
You climb upwards.
There is a stone staircase leading down here.
There is a stone staircase leading up here.
You climb upwards.
There is a stone staircase leading down here.
There is a stone staircase leading up here.
You climb upwards.
There is a stone staircase leading down here.
A shadow demon comes into view.
Casting: Sublimation of Blood (safe; 1% risk of failure)
Confirm with . or Enter, or press ? or * to list all spells.
You feel a surge of power!
The heat is drained from your surroundings.
The shadow demon resists.
The shadow demon is lightly wounded.
(D) Dungeon (T) Temple (L) Lair (A) Shoals (N) Spider Nest (M) Slime Pits (O) Orcish Mines (E) Elven Halls (V) Vaults (U) Depths (H) Hell (Z) Zot
Where to? (Enter - D:1, ? - help)
Okay, then.
There is a stone staircase leading up here.
You climb upwards.
There is a stone staircase leading down here.
There is an open door here.
Magic restored.
You see here a +0 club.
Aiming: Dig
Press: ? - help, Shift-Dir - straight line This square is covered in magical glow.
The rock shatters into small pieces.
The now-empty wand crumbles to dust.
There is a staircase leading out of the dungeon here.
You have escaped!

..............................#
.........###############..###.#
########.#.[..............# #.#
#.#.............#..# #.# ###
#.#.............#..# #.#
..######.#######'###.###..# #.#
.....#...#.............#..###.#
.......#.'⌠....###...^⌠+......#
......##.#......@......#...####
......##.#..⌠...>...⌠..#...###
......##.###+#######'###.....#
..........................##.#
.....##.........#####.....##.#
.....##########.## ####.###†#
.....# #..# #.# #.# .....# ##.#
#.###.# .....# #.# #..##.#


There were no monsters in sight!

Vanquished Creatures
  the Royal Jelly (Slime:5)
  3 juggernauts
  2 caustic shrikes
  3 golden dragons
  Arachne (Spider:2)
  A Brimstone Fiend (Depths:1)
  A hellephant (Zot:1)
  8 tentacled monstrosities
  A walking earthen tome (Depths:3)
  3 quicksilver dragons
  A walking divine tome (Depths:3)
  2 liches (Depths:2)
  2 Orb Guardians
  2 titans (Depths:2)
  A deep elf master archer (Elf:3)
  2 death cobs (Zot:1)
  Polyphemus (Shoals:3)
  3 deep elf blademasters (Elf:3)
  2 sphinxes (Depths:2)
  15 acid blobs
  A kraken (Shoals:1)
  A shadow dragon (Zot:1)
  Kirke (Lair:2)
  8 storm dragons
  2 draconian monks
  22 rockslimes
  4 tengu reavers
  15 azure jellies
  3 fire giants (Depths:2)
  5 draconian knights
  5 ghost moths
  2 iron dragons (Depths:3)
  4 draconian scorchers
  4 emperor scorpions
  8 deep elf sorcerers (Elf:3)
  7 frost giants
  A vault warden (Vaults:1)
  5 deep elf elementalists (Elf:3)
  3 draconian stormcallers
  An orc warlord (Orc:2)
  A caustic shrike skeleton (Depths:1)
  12 quicksilver oozes
  An ironbound preserver (D:13)
  7 stone giants
  A draconian annihilator (Zot:3)
  A broodmother (Spider:3)
  9 very ugly things
  6 spriggan defenders
  An ironbound thunderhulk (Vaults:1)
  4 green draconians (Zot:3)
  A vampire knight (Depths:3)
  6 deep elf demonologists
  3 white draconians
  11 deep elf annihilators (Elf:3)
  5 purple draconians
  8 black draconians
  The ghost of a11behringer the Cleaver, a journeyman MiBe of Trog (D:12)
  7 yellow draconians
  13 red draconians
  3 spark wasps
  5 deep elf death magi
  9 merfolk impalers
  7 merfolk javelineers
  5 ettins
  An entropy weaver (shapeshifter) (Elf:1)
  A quicksilver dragon zombie (Depths:1)
  2 yaktaur captains
  5 fire dragons
  3 entropy weavers
  7 great orbs of eyes
  4 ice dragons
  4 hydras
  8 deep elf high priests
  2 ironbound frosthearts (IceCv)
  3 rakshasas
  5 radroaches
  2 spriggan air magi
  10 centaur warriors
  A hell beast (Depths:4)
  4 jorogumos
  9 boulder beetles
  An anaconda (shapeshifter) (D:14)
  6 merfolk avatars
  2 catoblepae
  A satyr (Shoals:3)
  6 merfolk aquamancers
  4 two-headed ogres
  9 tengu warriors
  3 alligator snapping turtles (Shoals:4)
  13 dancing weapons
  8 deep troll shamans
  9 death scarabs (Spider:4)
  A vampire mage (Depths:3)
  8 death yaks
  2 orc high priests (Orc:2)
  10 deep troll earth magi
  3 spriggan berserkers
  13 deep elf knights
  A hell hog (Depths:4)
  9 hell knights
  10 sun demons
  11 iron trolls
  Amaemon (D:7)
  A salamander mystic (Depths:4)
  10 pharaoh ants
  A sun moth (Spider:2)
  A golden dragon zombie (Depths:1)
  24 deep trolls
  7 orb spiders
  4 sea snakes (Shoals:4)
  3 flayed ghosts
  4 wizards
  4 glowing orange brains
  8 deep elf archers
  An ironbound convoker (Vaults:1)
  13 harpies
  A phantasmal warrior (D:12)
  7 necromancers
  5 orc knights
  Pikel (D:7)
  23 deep elf zephyrmancers
  15 wolf spiders
  2 spectral wolf spiders (Spider:4)
  10 shining eyes
  17 deep elf pyromancers
  23 ugly things
  A lindwurm (Lair:5)
  9 orc sorcerers
  7 cyclopes
  3 salamanders (Depths:4)
  7 fauns (Shoals:3)
  5 steelbarb worms
  15 manticores
  9 merfolk sirens
  12 elephants (Lair:5)
  An ice statue (IceCv)
  20 moths of wrath
  10 water nymphs
  A centaur zombie (D:15)
  2 naga magi (D:15)
  5 black mambas
  14 demonic crawlers
  A smoke demon (Depths:2)
  6 torpor snails
  3 gargoyles
  An eye of devastation (Slime:2)
  A guardian serpent (shapeshifter) (D:14)
  2 hellions
  10 cane toads
  A centaur skeleton (D:15)
  Maggie (D:6)
  2 spectral redbacks (Spider:4)
  2 yaktaurs (Vaults:1)
  Psyche (D:11)
  4 rime drakes
  4 unseen horrors
  A kobold demonologist (D:14)
  3 orange demons
  7 komodo dragons
  An efreet (Zot:3)
  3 tengu conjurers
  15 polar bears
  4 trolls
  24 merfolk
  A polar bear (shapeshifter) (Elf:2)
  4 meliai
  35 tarantellas
  A hellwing (Depths:2)
  4 spectral culicivoras (Spider:4)
  3 spectral tarantellas (Spider:4)
  6 spectral jumping spiders (Spider:4)
  2 tarantella zombies (Spider:4)
  12 wind drakes
  7 hornets
  5 dream sheep (Shoals:2)
  A culicivora zombie (Spider:4)
  A jumping spider zombie (Spider:4)
  12 blink frogs
  71 slime creatures
  4 snapping turtles
  15 jumping spiders
  11 air elementals
  A centaur simulacrum (D:15)
  26 culicivoras
  11 spriggans
  A vampire (D:13)
  Eustachio (D:6)
  A shadow (D:10)
  3 wraiths
  A ynoxinul (Depths:2)
  6 wyverns
  21 water elementals
  3 hogs (Spider:1)
  A yak (shapeshifter) (Elf:3)
  58 yaks
  6 basilisks
  17 fire elementals
  A chaos spawn (Depths:1)
  19 golden eyes
  55 redbacks
  7 vampire mosquitoes
  4 wargs
  A steam dragon (D:7)
  A human zombie (Depths:1)
  2 acid dragons
  17 water moccasins
  A floating eye (shapeshifter) (Elf:3)
  A floating eye (Depths:2)
  5 black bears
  A hornet zombie (D:15)
  27 orc warriors
  An ice beast (D:8)
  A sky beast (D:6)
  A black bear (shapeshifter) (Elf:3)
  39 wolves
  5 boggarts (Lair:5)
  7 ogres
  10 centaurs
  A phantom (D:6)
  3 lemures (D:7)
  A kobold brigand (D:8)
  A necrophage (D:6)
  3 earth elementals
  3 gnoll sergeants
  4 scorpions
  9 bullfrogs
  4 wights (D:8)
  7 killer bees (D:10)
  5 electric eels
  3 howler monkeys (D:7)
  A gnoll bouda (D:9)
  12 orc priests
  Crazy Yiuf (D:6)
  2 hounds
  6 jellies
  Jessica (D:3)
  3 iguanas
  15 orc wizards
  A boggart simulacrum (D:15)
  14 gnolls
  9 adders
  A shadow imp (D:7)
  15 white imps
  A nameless horror (D:7)
  2 ufetubi
  2 worms
  4 dart slugs
  54 orcs
  8 ball pythons
  10 endoplasms
  7 giant cockroaches
  8 goblins
  8 hobgoblins
  9 jackals
  13 kobolds
  A quokka (D:1)
  11 bats
  2 frilled lizards (D:2)
  6 rats (D:1)
  A bush (Lair:5)
  A butterfly (Lair:1)
1720 creatures vanquished.

Vanquished Creatures (collateral kills)
  An electric golem (Zot:5)
  7 Orb Guardians (Zot:5)
  A draconian shifter (Zot:4)
  A draconian annihilator (Zot:4)
  2 black draconians
  2 white draconians (Zot:4)
  A red draconian (Zot:5)
  A steelbarb worm (Spider:1)
  An ugly thing (IceCv)
  A rime drake (IceCv)
  A wyvern (D:8)
  A wraith (D:9)
  2 yaks (D:9)
  A wolf (IceCv)
  A centaur (D:10)
  A lemure (D:7)
  A kobold brigand (D:9)
  A bullfrog (D:7)
  A scorpion (D:7)
  A nameless horror (D:9)
  A quasit (Zot:5)
  An orc priest (D:8)
  2 gnolls (D:8)
  4 orcs
  6 kobolds
43 creatures vanquished.

Vanquished Creatures (others)
  A Killer Klown (Zot:5)
  A tentacled monstrosity (Zot:5)
  A pandemonium lord (Zot:5)
  9 Orb Guardians (Zot:5)
  A death cob (Zot:4)
  A draconian scorcher (Zot:4)
  3 green draconians
  A purple draconian (Zot:5)
  3 red draconians (Zot:3)
  A moth of wrath (Zot:5)
  A fire elemental (Zot:3)
  An orc wizard (D:7)
  65 fungi
  220 plants
  4 tentacles (Shoals:1)
313 creatures vanquished.

Grand Total: 2076 creatures vanquished

Notes
Turn   | Place    | Note
-------+----------+-------------------------------------------
     0 | D:1      | Monkooky the Draconian Artificer began the quest for the
                  | Orb.
     0 | D:1      | Reached XP level 1. HP: 16/16 MP: 1/1
     1 | D:1      | Found a runed translucent door.
   100 | D:1      | Reached XP level 2. HP: 10/23 MP: 2/2
   221 | D:1      | Found Konutor's Book Shop.
   583 | D:1      | Reached XP level 3. HP: 23/28 MP: 3/3
  1228 | D:2      | Reached skill level 1 in Spellcasting
  1228 | D:2      | Reached XP level 4. HP: 16/35 MP: 5/5
  1666 | D:2      | Learned a level 3 spell: Call Canine Familiar
  2011 | D:2      | Reached skill level 1 in Summonings
  2533 | D:3      | Noticed Jessica
  2543 | D:3      | Killed Jessica
  2544 | D:3      | Reached XP level 5. HP: 37/40 MP: 7/7
  2690 | D:3      | Found Ovypuge's Weapon Shop.
  2819 | D:3      | Found a sparkling altar of Nemelex Xobeh.
  3238 | D:4      | Found Fum Kige's Antique Weapon Emporium.
  3484 | D:4      | Noticed an ogre
  3492 | D:4      | Killed an ogre
  3573 | D:4      | Found Serphing's Assorted Antiques.
  3581 | D:4      | Bought a scroll labelled ULIXKONIEH for 21 gold pieces
  3581 | D:4      | Bought a scroll labelled ULIXKONIEH for 21 gold pieces
  3581 | D:4      | Bought 2 glowing inky potions for 37 gold pieces
  3682 | D:4      | Found Awnareoj's General Store.
  3702 | D:4      | Bought a potion of heal wounds for 50 gold pieces
  3857 | D:4      | Reached XP level 6. HP: 47/47 MP: 8/8
  3964 | D:5      | Entered Level 5 of the Dungeon
  3985 | D:5      | Reached skill level 1 in Ranged Weapons
  4186 | D:4      | Bought a potion of might for 40 gold pieces
  4936 | D:6      | Noticed Maggie
  4955 | D:6      | Killed Maggie
  4956 | D:6      | Reached skill level 5 in Ranged Weapons
  4956 | D:6      | Your scales start taking on an icy white colour.
  4956 | D:6      | Reached XP level 7. HP: 33/52 MP: 4/9
  4956 | D:6      | Gained mutation: Your flesh is cold resistant. (rC+) [White
                  | Draconian growth]
  5280 | D:6      | Reached XP level 8. HP: 44/63 MP: 10/10
  5651 | D:6      | Noticed Eustachio
  5675 | D:6      | Found a runed translucent door.
  5676 | D:6      | Noticed Crazy Yiuf
  5689 | D:6      | Killed Crazy Yiuf
  5752 | D:6      | Reached skill level 5 in Fighting
  6626 | D:6      | Killed Eustachio
  6627 | D:6      | Reached skill level 5 in Evocations
  6911 | D:7      | Reached XP level 9. HP: 30/78 MP: 14/14
  7384 | D:7      | Found a staircase to the Ecumenical Temple.
  7841 | Temple   | Entered the Ecumenical Temple
  7955 | Temple   | Became a worshipper of Gozag Ym Sagoz the Greedy
  8218 | D:7      | Noticed Pikel
  8227 | D:7      | Killed Pikel
  8612 | D:8      | Noticed Amaemon
  8612 | D:8      | Noticed an orange demon
  9049 | D:7      | Killed Amaemon
  9050 | D:7      | Reached skill level 10 in Evocations
  9360 | D:8      | Reached XP level 10. HP: 81/84 MP: 13/15
  9410 | D:8      | Killed an orange demon
  9649 | D:8      | Reached skill level 1 in Ice Magic
  9811 | D:1      | Bought Ozocubu's Autobiography for 264 gold pieces
  9815 | D:1      | Learned a level 3 spell: Ozocubu's Armour
  9823 | D:1      | Learned a level 7 spell: Ozocubu's Refrigeration
 10056 | D:8      | Reached skill level 2 in Ice Magic
 10222 | D:8      | Reached skill level 3 in Ice Magic
 10420 | D:8      | Reached skill level 4 in Ice Magic
 10706 | D:8      | Reached skill level 5 in Ice Magic
 10895 | D:9      | Reached skill level 6 in Ice Magic
 10910 | D:9      | Reached skill level 7 in Ice Magic
 11103 | D:9      | Identified the +4 ring mail of Dogmatism {rC+}
 11266 | D:1      | Bought a book of Frost for 220 gold pieces
 11270 | D:1      | Learned a level 3 spell: Frozen Ramparts
 11571 | D:9      | Found a glowing golden altar of the Shining One.
 11750 | D:9      | Found a radiant altar of Vehumet.
 11751 | D:9      | Found a hazy altar of Hepliaklqana.
 11956 | D:9      | Noticed a two-headed ogre
 11979 | D:9      | Killed a two-headed ogre
 11980 | D:9      | Reached skill level 5 in Spellcasting
 11980 | D:9      | Reached skill level 8 in Ice Magic
 12370 | D:10     | Entered Level 10 of the Dungeon
 12834 | D:10     | Reached skill level 9 in Ice Magic
 13069 | D:10     | Reached XP level 11. HP: 77/91 MP: 8/19
 13668 | D:10     | Reached skill level 10 in Ice Magic
 14111 | D:11     | Learned a level 3 spell: Hailstorm
 14202 | D:11     | Found a frozen archway.
 14321 | IceCv    | Entered an ice cave
 14405 | IceCv    | Reached skill level 11 in Ice Magic
 14735 | IceCv    | Reached skill level 12 in Ice Magic
 15040 | IceCv    | Reached skill level 13 in Ice Magic
 15229 | IceCv    | Noticed a white ugly thing
 15233 | IceCv    | Killed a white ugly thing
 15267 | IceCv    | Noticed a death yak
 15267 | IceCv    | Noticed an ironbound frostheart
 15267 | IceCv    | Noticed an ironbound frostheart
 15295 | IceCv    | Killed an ironbound frostheart
 15296 | IceCv    | Reached skill level 14 in Ice Magic
 15297 | IceCv    | Killed a death yak
 15468 | IceCv    | Killed an ironbound frostheart
 15469 | IceCv    | Reached XP level 12. HP: 62/97 MP: 13/20
 15723 | IceCv    | Reached skill level 15 in Ice Magic
 16165 | D:11     | Reached skill level 16 in Ice Magic
 16324 | D:11     | Found a staircase to the Lair.
 17290 | D:11     | Found a staircase to the Orcish Mines.
 17351 | D:11     | Noticed a two-headed ogre
 17356 | D:11     | Killed a two-headed ogre
 17613 | D:11     | Noticed Psyche
 17614 | D:11     | Killed Psyche
 18054 | Lair:1   | Entered Level 1 of the Lair of Beasts
 18546 | Lair:1   | Identified the ring "Feeschyq" {*Slow rF+++ rC+ rCorr
                  | Dex+5}
 19628 | Lair:2   | Noticed a boulder beetle
 19639 | Lair:2   | Killed a boulder beetle
 19830 | Lair:2   | Reached skill level 17 in Ice Magic
 19830 | Lair:2   | Reached XP level 13. HP: 107/107 MP: 15/23
 20013 | Lair:2   | Found a hole to the Spider Nest.
 20996 | Lair:2   | Learned a level 5 spell: Arcjolt
 21091 | Lair:2   | Reached skill level 1 in Conjurations
 21598 | Lair:3   | Reached skill level 1 in Air Magic
 23033 | Lair:4   | Reached skill level 5 in Air Magic
 24245 | Lair:5   | Entered Level 5 of the Lair of Beasts
 25392 | Lair:5   | Found a viscous altar of Jiyva.
 25430 | Lair:5   | Found a staircase to the Slime Pits.
 25432 | Lair:5   | Reached skill level 5 in Conjurations
 26054 | Lair:5   | Reached XP level 14. HP: 97/118 MP: 9/26
 26054 | Lair:5   | Reached skill level 18 in Ice Magic
 26054 | Lair:5   | Reached XP level 15. HP: 102/124 MP: 9/27
 27119 | Lair:5   | Reached skill level 1 in Stealth
 28040 | Orc:1    | Entered Level 1 of the Orcish Mines
 28192 | Orc:2    | Entered Level 2 of the Orcish Mines
 28203 | Orc:2    | Reached skill level 10 in Fighting
 29043 | Orc:2    | Paralysed by an orc sorcerer for 3 turns
 29364 | Orc:2    | Found Maidil's Book Boutique.
 29373 | Orc:2    | Bought a manual of Ice Magic for 1360 gold pieces
 29373 | Orc:2    | Bought a book of Ice for 782 gold pieces
 29379 | Orc:2    | Learned a level 5 spell: Freezing Cloud
 29383 | Orc:2    | Reached skill level 5 in Dodging
 30246 | Orc:2    | Found Xilelumo's Antique Weapon Shop.
 30260 | Orc:2    | Found a staircase to the Elven Halls.
 30269 | Orc:2    | Found Zoliacuwn's Antique Armour Emporium.
 30277 | Orc:2    | Bought a pair of glowing gloves for 187 gold pieces
 30378 | Orc:2    | Found Vuraus's General Store.
 31022 | D:12     | Identified the +0 scale mail of Tyuganee {Harm Rampage
                  | Int+4 Slay-2}
 31145 | D:12     | Reached skill level 19 in Ice Magic
 31346 | D:12     | Noticed a11behringer's ghost (journeyman MiBe)
 32198 | D:12     | Found a runed translucent gate.
 32198 | D:12     | Found a runed translucent gate.
 32200 | D:12     | Found a runed translucent gate.
 32635 | D:13     | Found Rixtasymme's Jewellery Shop.
 32679 | D:13     | Reached skill level 20 in Ice Magic
 33023 | D:13     | Found a gate to the Vaults.
 33385 | D:13     | Reached skill level 21 in Ice Magic
 33414 | D:13     | Bought an amulet of magic regeneration for 390 gold pieces
 33942 | D:13     | Reached skill level 22 in Ice Magic
 34453 | D:13     | Reached XP level 16. HP: 137/137 MP: 14/28
 35016 | D:14     | Reached skill level 23 in Ice Magic
 35060 | D:14     | Got the Annotations on the Congregated Map
 35989 | Spider:1 | Entered Level 1 of the Spider Nest
 36383 | Spider:1 | Found a transporter.
 36385 | Spider:1 | Noticed hikkokomori's ghost (adept DEAE)
 36812 | Spider:1 | Reached skill level 24 in Ice Magic
 37068 | Lair:2   | Learned a level 9 spell: Polar Vortex
 37278 | Spider:1 | Found a transporter.
 37625 | Spider:1 | Reached skill level 10 in Spellcasting
 37690 | Spider:1 | Noticed Kirke
 38198 | Lair:2   | Killed Kirke
 39181 | Spider:2 | Noticed Arachne
 39188 | Spider:2 | Killed Arachne
 40394 | Spider:2 | Identified the +0 ring mail "Wiont" {rPois rCorr Str+3
                  | Int-4}
 40662 | Spider:3 | Reached XP level 17. HP: 144/144 MP: 25/32
 42036 | Spider:3 | Identified the +2 trident of Brawling {spect, Str+5}
 42335 | Spider:4 | Entered Level 4 of the Spider Nest
 42409 | Spider:4 | Reached skill level 25 in Ice Magic
 43574 | Spider:4 | Found a hide-covered altar of Uskayaw.
 44973 | Spider:4 | Identified the +0 pair of boots of Okawaru, Summoning
                  | {rPois Will+ Str-3}
 44993 | Spider:4 | Got a gossamer rune of Zot
 45186 | Shoals:1 | Entered Level 1 of the Shoals
 45388 | D:12     | Killed a11behringer's ghost
 45649 | D:12     | Identified a scroll of acquirement
 45650 | D:12     | Acquired a staff of cold
 46022 | Shoals:1 | Reached skill level 26 in Ice Magic
 46236 | Shoals:1 | Noticed a kraken
 46244 | Shoals:1 | Killed a kraken
 46673 | Shoals:2 | Reached XP level 18. HP: 151/151 MP: 24/36
 47148 | Shoals:2 | Learned a level 1 spell: Summon Small Mammal
 47150 | Shoals:2 | Learned a level 1 spell: Apportation
 47155 | Shoals:2 | Learned a level 4 spell: Passage of Golubria
 48132 | Shoals:3 | Found a transporter.
 48136 | Shoals:3 | Noticed Polyphemus
 48147 | Shoals:3 | Killed Polyphemus
 48384 | Shoals:3 | Found a transporter.
 48893 | Shoals:4 | Entered Level 4 of the Shoals
 49002 | Shoals:4 | Paralysed by an air elemental for 1 turns
 50534 | Shoals:4 | Got a barnacled rune of Zot
 50962 | Shoals:4 | Reached skill level 10 in Dodging
 51329 | Elf:1    | Entered Level 1 of the Elven Halls
 51333 | Elf:1    | Paralysed by an air elemental for 1 turns
 51336 | Elf:1    | Reached skill level 5 in Stealth
 51796 | Elf:1    | Noticed a Tzitzimitl
 51799 | Elf:1    | Reached XP level 19. HP: 86/168 MP: 27/37
 53360 | Elf:2    | Reached skill level 1 in Shields
 53448 | Elf:2    | Found a huge runed translucent gate.
 53448 | Elf:2    | Found a huge runed translucent gate.
 53448 | Elf:2    | Found a huge runed translucent gate.
 53448 | Elf:2    | Found a huge runed translucent gate.
 53449 | Elf:2    | Found a huge runed translucent gate.
 54123 | Elf:3    | Entered Level 3 of the Elven Halls
 54596 | Elf:3    | Found Kaomn's Book Shop.
 55431 | Elf:3    | Identified the +4 long sword of Fate {freeze, rElec rF-
                  | Will+}
 55465 | Elf:3    | Noticed a Tzitzimitl
 55591 | Elf:3    | Reached skill level 15 in Fighting
 55993 | Elf:3    | Reached skill level 5 in Shields
 56305 | Elf:3    | Identified the amulet of Incredulity {Reflect Regen+ Slay+2
                  | SH+5}
 56412 | Elf:3    | Identified the +10 flail "Nuidoiga" {heavy, rCorr}
 56843 | Elf:3    | Learned a level 2 spell: Sublimation of Blood
 56975 | Elf:3    | Found the +3 giant club "Skullcrusher" {speed, Str+7}
 57384 | Lair:3   | Bought a scroll of blinking for 105 gold pieces
 57384 | Lair:3   | Bought a scroll of blinking for 105 gold pieces
 57722 | Vaults:1 | Entered Level 1 of the Vaults
 57733 | Vaults:1 | Reached skill level 1 in Necromancy
 57744 | Vaults:1 | HP: 4/170 [ironbound thunderhulk/bolt of lightning (61)]
 58142 | Slime:1  | Entered Level 1 of the Pits of Slime
 58161 | Slime:1  | Reached XP level 20. HP: 178/178 MP: 10/38
 58458 | Slime:1  | Found a viscous altar of Jiyva.
 59569 | Slime:5  | Entered Level 5 of the Pits of Slime
 59734 | Slime:5  | Noticed the Royal Jelly
 59977 | Slime:4  | Reached skill level 10 in Shields
 60362 | Slime:5  | Gained mutation: You are frail. (-10% HP) [a shining eye]
 60507 | Slime:5  | Killed the Royal Jelly
 60738 | Slime:5  | Got a slimy rune of Zot
 60766 | Slime:5  | Identified the amulet "Bisseetu" {Acrobat rF+ Regen+ Str+5}
 60770 | Slime:5  | Identified the ring "Annug" {rPois rF++ Will+}
 61026 | Slime:5  | Identified the +7 rapier of Indomitability {heavy, rF- rC+
                  | Stlth+}
 62446 | D:15     | Entered Level 15 of the Dungeon
 62633 | D:15     | Found Siajidid's Weapon Shoppe.
 62971 | D:15     | Found a staircase to the Depths.
 64001 | Depths:1 | Entered Level 1 of the Depths
 64178 | Depths:1 | Found a gateway to Hell.
 64449 | Depths:1 | Found a one-way gate leading to the halls of Pandemonium.
 64681 | Depths:1 | Lost mutation: You are frail. (-10% HP) [potion of
                  | mutation]
 64681 | Depths:1 | Gained mutation: You are resistant to electric shocks.
                  | (rElec) [potion of mutation]
 64681 | Depths:1 | Gained mutation: Your tail ends in a venomous barb. [potion
                  | of mutation]
 64681 | Depths:1 | Gained mutation: Your magical capacity is low. (-10% MP)
                  | [potion of mutation]
 64729 | Depths:1 | Noticed a juggernaut
 64928 | Depths:1 | Killed a juggernaut
 65067 | Depths:1 | Acquired 619 gold pieces
 65232 | Depths:1 | Found a hazy altar of Hepliaklqana.
 65308 | Depths:1 | Found an iron altar of Okawaru.
 65327 | Depths:1 | Found a runed translucent door.
 65331 | Depths:1 | Noticed Cujuar's ghost (adept DrCj)
 65379 | Depths:1 | Reached XP level 21. HP: 184/184 MP: 9/35
 65413 | Depths:1 | Reached skill level 1 in Translocations
 65647 | Depths:1 | Identified the +8 falchion of Pandemonium {freeze, rElec
                  | Will- Str+2 Int+2}
 66242 | Depths:2 | Reached skill level 5 in Translocations
 66511 | Depths:2 | Found a portal to a secret trove of treasure.
 67085 | Depths:2 | Noticed a caustic shrike
 67160 | Depths:2 | Killed a caustic shrike
 67522 | Depths:2 | Reached skill level 10 in Stealth
 68251 | Depths:2 | Reached skill level 1 in Staves
 68954 | Depths:3 | Noticed a juggernaut
 68962 | Depths:3 | Killed a juggernaut
 68963 | Depths:3 | Reached skill level 5 in Necromancy
 68991 | Depths:3 | Found a flickering gateway to a bazaar.
 68996 | Bazaar   | Entered a bazaar
 69104 | Bazaar   | Found Gasuagac's Magic Scroll Emporium.
 69104 | Bazaar   | Found Uwkiamne's Jewellery Shoppe.
 69116 | Bazaar   | Bought a scroll of magic mapping for 90 gold pieces
 69128 | Depths:3 | Found a one-way gateway to a ziggurat.
 69320 | Depths:3 | You fall into a shaft and drop 1 floor!
 69320 | Depths:4 | Entered Level 4 of the Depths
 69320 | Depths:4 | Found an ancient bone altar of Kikubaaqudgha.
 69453 | Depths:3 | Noticed a caustic shrike
 69458 | Depths:3 | Killed a caustic shrike
 69652 | Depths:3 | Found a snail-covered altar of Cheibriados.
 69893 | Depths:3 | Found a one-way gate to the infinite horrors of the Abyss.
 70045 | Depths:3 | Identified the +0 cloak "Hamnyveg" {rPois rF+ SInv}
 71009 | Depths:4 | Reached XP level 22. HP: 196/196 MP: 13/36
 71698 | Depths:4 | Found a gate to the Realm of Zot.
 71917 | Depths:4 | Found an opulent altar of Gozag.
 71967 | Depths:4 | Noticed a juggernaut
 71967 | Depths:4 | Noticed a golden dragon
 71975 | Depths:4 | Killed a juggernaut
 71976 | Depths:4 | Killed a golden dragon
 72670 | Depths:4 | Found Bemuck's Magic Scroll Shoppe.
 72958 | Depths:4 | Gained mutation: You occasionally lose the ability to read
                  | scrolls when taking damage. [a shining eye]
 73009 | Depths:4 | Lost mutation: Your magical capacity is low. (-10% MP)
                  | [potion of mutation]
 73009 | Depths:4 | Lost mutation: You occasionally lose the ability to read
                  | scrolls when taking damage. [potion of mutation]
 73009 | Depths:4 | Lost mutation: Your tail ends in a venomous barb. [potion
                  | of mutation]
 73009 | Depths:4 | Gained mutation: You are agile. (Dex +4, Str/Int -1)
                  | [potion of mutation]
 73009 | Depths:4 | Lost mutation: You are resistant to electric shocks.
                  | (rElec) [potion of mutation]
 73009 | Depths:4 | Gained mutation: Your tail ends in a venomous barb. [potion
                  | of mutation]
 73163 | Depths:4 | Reached skill level 15 in Shields
 73543 | Zot:1    | Entered Level 1 of the Realm of Zot
 74167 | Zot:1    | Noticed a golden dragon
 74178 | Zot:1    | Killed a golden dragon
 74758 | Zot:2    | Noticed a golden dragon
 74939 | Zot:2    | Killed a golden dragon
 75592 | Zot:3    | Reached XP level 23. HP: 115/209 MP: 20/41
 76284 | Zot:5    | Entered Level 5 of the Realm of Zot
 76507 | Zot:5    | Identified the +2 scale mail "Tefu" {Str+2}
 76965 | Zot:5    | Noticed a Killer Klown
 76966 | Zot:5    | Noticed an orb of fire
 76967 | Zot:5    | Noticed an orb of fire
 76967 | Zot:5    | Noticed a Killer Klown
 77003 | Zot:5    | Got the Orb of Zot
 77014 | Zot:5    | Noticed Dikhlece the pandemonium lord
 77044 | Zot:5    | Noticed an ancient lich
 77054 | Zot:5    | Killed Dikhlece the pandemonium lord
 77310 | Depths:1 | Noticed Hoph the pandemonium lord
 77685 | D:$      | Escaped with the Orb!

Illustrated notes

Levels and vault maps discovered:
D:1:      dpeg_arrival_caged_fury, layout_basic, serial_shops,
          nicolae_shop_hallway_plus, kennysheep_boxes
D:2:      layout_basic, dreamdust_princess_bridge
D:3:      layout_loops_ring, mainiacjoe_overflow_alcove_4, serial_shops,
          nicolae_shop_bloodbath_and_beyond, uniq_jessica
D:4:      layout_basic, serial_shops, shop, shop, shop_fountains,
          minmay_misc_feat_five, grunt_tough_drop
D:5:      layout_basic, minmay_misc_feat_diagonals, minmay_misc_feat_enclosed,
          minmay_misc_feat_more_columns
D:6:      layout_cave_pods, uniq_eustachio, uniq_crazy_yiuf_cottage, uniq_maggie
D:7:      layout_rooms, temple_green, serial_rivers,
          chequers_serial_rivers_room_a, chequers_serial_rivers_room_a,
          chequers_serial_rivers_marsh, chequers_serial_rivers_small_3,
          chequers_serial_rivers_large_a, chequers_serial_rivers_micro_e,
          uniq_pikel
D:8:      layout_loops_ring, uniq_amaemon
D:9:      layout_roguey, nicolae_overflow_hidden_temple, minitemple
D:10:     layout_stronghold
D:11:     layout_grid_maze, erik_lair_orcish_takeover, orc_0_dummy,
          portal_ice_cave_entry_imps, uniq_psyche
D:12:     old_forge, layout_loops_ring, gammafunk_ghost_split
D:13:     minmay_containers, layout_long_grid, skrybe_vaults_entry_preservation,
          serial_shops, nicolae_shop_statue_plus
D:14:     layout_big_octagon, serial_park, serial_park_tiny_1,
          serial_park_square3 [serial_park_minivault_5x5_2],
          serial_park_tiny_pond, serial_park_tiny_pond, chequers_garden
D:15:     grunt_enter_depths_magical_seal, layout_stronghold, serial_shops,
          shop, kennysheep_flooded_box
Temple:   compressed_dpeg_circular_temple
Lair:1:   layout_regular_city, chequers_serial_rivers_micro_e,
          lemuel_fruit_fields, serial_bayou_shore_b, grunt_megastairs_2
Lair:2:   layout_hall_layers, nicolae_shoals_entry_flooding,
          nicolae_spider_entry_lesser_pyramids
Lair:3:   layout_roguey, serial_bayou_shore_b
Lair:4:   layout_hall_layers, serial_bayou_lake_a
Lair:5:   minmay_lair_end_enchanted_forest, layout_regular_city,
          nicolae_slime_entry_field_trip, nicolae_lair_lil_pond,
          grunt_megastairs_1
Shoals:1: layout_shoals, st_sunken_huts
Shoals:2: layout_shoals
Shoals:3: gammafunk_sealed_arena, layout_shoals, uniq_polyphemus
Shoals:4: shoals_end_hellmonk_storm_palace [storm_palace_center_ruins,
          storm_palace_corner_pillars, storm_palace_corner_grid,
          storm_palace_corner_reverse_hut, storm_palace_corner_grid]
Spider:1: layout_spider_delve, gammafunk_ghost_mausoleum,
          nicolae_spider_nooks_and_crannies, uniq_kirke
Spider:2: layout_chambers, worms_lemuel, uniq_arachne
Spider:3: nicolae_spider_hilbert_zone_6 [nicolae_spider_hilbert_4_sides_1_open,
          nicolae_spider_hilbert_4_sides_1_open,
          nicolae_spider_hilbert_4_sides_1_open,
          nicolae_spider_hilbert_4_sides_1_open,
          nicolae_spider_hilbert_4_sides_1_open,
          nicolae_spider_hilbert_4_sides_1_open,
          nicolae_spider_hilbert_4_sides_1_open]
Spider:4: floodkiller_spider_rune_tomb, nicolae_spider_altar_of_dancing
Slime:1:  cheibrodos_slime_lost_civilization_9, layout_caves, basic_altar,
          cheibrodos_slime_lost_civilization_6
Slime:2:  layout_caves, nicolae_slime_rock_hall_of_fame
Slime:3:  layout_caves
Slime:4:  layout_caves
Slime:5
Orc:1:    layout_caves
Orc:2:    grunt_orc_gardens, layout_caves, grunt_orc_garden, grunt_orc_garden,
          grunt_orc_garden, grunt_orc_garden
Elf:1:    nicolae_elf_arrival_aired_out, layout_onion_city,
          kennysheep_underground_church, lemuel_upstairs_altar
Elf:2:    elven_hall_of_blades_hangedman_alternative
          [nooodl_blade_entry_preview], layout_onion_city
Elf:3:    nooodl_elf_gasket, layout_geoelf_castle, serial_shops,
          nicolae_shop_behind_doors, lemuel_flame_loot_1
Vaults:1: st_octagons_1, grunt_vaults_swirl, v_misc_23, dpeg_vaults_monster_box,
          v_misc_3, hangedman_vaults_stitches, ontoclasm_vaults_eye, v_misc_30,
          grunt_vaults_hallway_short, vaults_room_stairs_pillars,
          ontoclasm_vaults_shuriken, layout_vaults_ring
Depths:1: layout_cave_shapes, pf_hell_entry_tar_spiral,
          nzn_hepliaklqana_mist_gate, muffindrake_ghost_three_little_ghosts,
          rand_demon_pan_entry_7, kennysheep_big_empty_room,
          okawaru_altar_gauntlet_db
Depths:2: minmay_three_patterns, layout_cave_pools, infiniplex_staircase_star,
          rand_demon_pan_entry_4, hangedman_geh_valley,
          nicolae_trove_entry_isolated, amcnicky_mini_corridor_feature
Depths:3: minmay_crescents, layout_honeycomb, enter_ziggurat_e, hell_entry,
          serial_shops, bzr_entry_safe, abyss_entry, lemuel_crystal_altar,
          pan_entry, infiniplex_staircase_pool_2
Depths:4: grunt_crosshair, layout_gridlike, nicolae_kikubaaqudgha_miasma_corner,
          nicolae_hell_entry_hellmouth_sunbeams, special_room
          [special_room_jelly], serial_shops, shop, nicolae_gozag_seed_capital
Zot:1:    layout_cathedral_of_symmetry, gammafunk_ghost_wrathful_warriors,
          bh_zot_lava_cross, zot_minivault_3, grunt_megastairs_4
Zot:2:    layout_gridville
Zot:3:    lemuel_firehouse, layout_concentric_octagons
Zot:4:    layout_gridlike
Zot:5:    layout_gridville, hangedman_zot_decor_scrapings, grunt_ministairs_7,
          st_stairs_11

Skill      XL: |  1  2  3  4  5  6  7  8  9 10 11 12 13 14 15 16 17 18 19 20 21 22 23 |
---------------+----------------------------------------------------------------------+-----
Evocations     | 4 6 10 | 10.2
Spellcasting   | 1 3 5 7 8 11 14 | 14.0
Summonings     | 2 3 |  3.8
Ranged Weapons | 5 |  5.6
Fighting       | 3 6 8 9 11 14 15 16 18 | 18.4
Ice Magic      | 9 14 17 18 22 24 26 | 26.0
Dodging        | 4 6 10 11 13 | 13.6
Conjurations   | 5 6 |  6.6
Air Magic      | 6 7 |  7.4
Stealth        | 2 5 9 10 12 | 12.8
Shields        | 6 14 15 16 | 16.4
Necromancy     | 2 8 |  8.2
Translocations | 6 |  6.2
Staves         | 4 |  4.6

Action                     |  1- 3 |  4- 6 |  7- 9 | 10-12 | 13-15 | 16-18 | 19-21 | 22-24 || total
---------------------------+-------+-------+-------+-------+-------+-------+-------+-------++-------
  Melee: Club              |    18 |       |       |       |       |       |       |       ||    18
         Tailslap          |    20 |    43 |    44 |    56 |    53 |    12 |    19 |     3 ||   250
         Whip              |   133 |   276 |   250 |   336 |   222 |    61 |       |       ||  1278
         Dagger            |    27 |       |       |       |       |       |       |       ||    27
         Punch             |     1 |     4 |     1 |       |     7 |     1 |     1 |       ||    15
         Staff             |       |       |       |       |       |     9 |    75 |    18 ||   102
  Throw: Javelin           |       |     9 |       |       |       |       |       |       ||     9
         Boomerang         |       |     2 |       |     1 |       |       |       |       ||     3
         Dart              |       |       |       |     5 |       |       |       |       ||     5
         Throwing net      |       |       |       |       |       |       |     1 |       ||     1
   Cast: Call Canine Famil |       |     4 |    17 |    32 |     4 |     1 |       |       ||    58
         Ozocubu's Armour  |       |       |       |    46 |    16 |    15 |       |     4 ||    81
         Frozen Ramparts   |       |       |       |    53 |    26 |    17 |       |       ||    96
         Hailstorm         |       |       |       |    10 |       |       |       |       ||    10
         Ozocubu's Refrige |       |       |       |    37 |   195 |   452 |   269 |   135 ||  1088
         Arcjolt           |       |       |       |       |    25 |     4 |       |       ||    29
         Freezing Cloud    |       |       |       |       |    10 |    39 |    11 |     5 ||    65
         Polar Vortex      |       |       |       |       |       |    41 |   103 |    52 ||   196
         Summon Small Mamm |       |       |       |       |       |     1 |       |       ||     1
         Apportation       |       |       |       |       |       |       |     5 |     1 ||     6
         Passage of Golubr |       |       |       |       |       |       |     3 |       ||     3
         Sublimation of Bl |       |       |       |       |       |       |    33 |    79 ||   112
 Invoke: Call Merchant     |       |       |       |       |     1 |       |       |       ||     1
         Potion Petition   |       |       |       |       |       |       |     5 |     3 ||     8
         Bribe Branch      |       |       |       |       |       |       |       |     4 ||     4
Ability: Breathe Frost     |       |       |    47 |    33 |    85 |    89 |    43 |    31 ||   328
  Evoke: Wand              |     1 |     7 |    13 |    10 |     2 |    18 |     6 |    12 ||    69
         Lightning rod     |       |       |       |     4 |     5 |     7 |     9 |     1 ||    26
         Condenser vane    |       |       |       |       |       |       |     2 |     1 ||     3
         Phial of floods   |       |       |       |       |       |       |     1 |       ||     1
         Box of beasts     |       |       |       |       |       |       |     1 |       ||     1
    Use: Scroll            |       |    10 |     6 |     8 |    10 |     9 |    20 |     8 ||    71
         Potion            |       |     2 |       |     3 |     1 |     6 |    10 |     6 ||    28
   Stab: Sleeping          |       |     1 |       |       |       |       |     1 |       ||     2
         Distracted        |       |       |       |     3 |     2 |       |       |       ||     5
 Armour: Skin              |    71 |   104 |   144 |   258 |   141 |   135 |    71 |    43 ||   967
  Dodge: Dodged            |   163 |   176 |   217 |   298 |   205 |   149 |   169 |   146 ||  1523
  Block: Other             |       |       |       |       |       |       |    10 |       ||    10
         Reflection        |       |       |       |       |       |       |     5 |       ||     5
         Kite shield       |       |       |       |       |       |       |   142 |   163 ||   305

Table legend: (Time is in decaauts)
 A = Elapsed time spent in this place.
 B = Non-inter-level travel time spent in this place.
 C = Inter-level travel time spent in this place.
 D = Time resting spent in this place.
 E = Time spent auto-exploring this place.
 F = Levels seen in this place.
 G = Mean time per level.
                   A        B        C        D        E       F      G
               +--------+--------+--------+--------+--------+-----+--------+
         Total |  78494 |  72209 |   6285 |  16466 |  41999 |  51 | 1539.1 |
       Dungeon |  24914 |  22126 |   2788 |   4090 |  14352 |  15 | 1660.9 |
        Temple |    139 |    114 |     25 |      0 |     84 |   1 |  139.0 |
          Lair |  11635 |  10822 |    813 |   2008 |   7755 |   5 | 2327.0 |
        Shoals |   5707 |   5401 |    306 |   1065 |   3289 |   4 | 1426.8 |
   Spider Nest |   8694 |   7929 |    765 |   1834 |   4481 |   4 | 2173.5 |
    Slime Pits |   3359 |   3258 |    101 |   1733 |    691 |   5 |  671.8 |
  Orcish Mines |   3048 |   2726 |    322 |   1272 |   1160 |   2 | 1524.0 |
   Elven Halls |   6161 |   5563 |    598 |    728 |   3964 |   3 | 2053.7 |
        Vaults |     29 |     29 |      0 |      0 |      5 |   1 |   29.0 |
        Depths |   9710 |   9339 |    371 |   2057 |   5543 |   4 | 2427.5 |
           Zot |   3224 |   3033 |    191 |    759 |    209 |   5 |  644.8 |
        Bazaar |    127 |    127 |      0 |      0 |    115 |   1 |  127.0 |
      Ice Cave |   1741 |   1741 |      0 |    920 |    350 |   1 | 1741.0 |
               +--------+--------+--------+--------+--------+-----+--------+

Top non-repeatable levels by time:
  Lair:5: 3920 daAuts
Depths:4: 3425 daAuts
   Elf:3: 3119 daAuts
Spider:2: 2753 daAuts
    D:11: 2749 daAuts
  Lair:2: 2649 daAuts
     D:6: 2567 daAuts
Spider:4: 2504 daAuts
    D:13: 2478 daAuts
    D:12: 2424 daAuts
Depths:1: 2310 daAuts
Shoals:4: 2239 daAuts
Depths:2: 2165 daAuts
  Lair:1: 1913 daAuts
    D:15: 1897 daAuts
